 Dungeon Crawl Stone Soup version 0.32-a0-520-g344ed53f66 (webtiles) character file.

Game seed: 16401492082915126217

207 zenocrate the Chopper (level 5, -5/45 HPs)
             Began as a Minotaur Chaos Knight on Feb 28, 2024.
             Was a Plaything of Xom.
             Slain by a sleepcap (18 damage)
             ... on level 4 of the Dungeon.
             The game lasted 00:02:29 (1807 turns).

zenocrate the Chopper (Minotaur Chaos Knight)       Turns: 1807, Time: 00:02:30

Health: -5/45      AC:  6    Str: 19    XL:     5   Next: 54%
Magic:  4/4        EV:  2    Int:  9    God:    Xom [......]
Gold:   171        SH:  0    Dex: 15    Spells: 4/4 levels left

rFire   . . .        a - +0 hand axe (chaos)
rCold   . . .        (no shield)
rNeg    . . .        b - +2 leather armour
rPois   .            (helmet restricted)
rElec   .            d - scarf {harm}
rCorr   .            (no gloves)
SInv    .            (no boots)
Will    .....        (no amulet)
Stlth   +            r - +6 ring of dexterity
HPRegen 0.27/turn    (no ring)
MPRegen 0.09/turn

%: harm (+30% outgoing, +20% incoming)
@: sleeping
A: horns 2, retaliatory headbutt, shaggy fur 1, inability to read after injury 1
a: Renounce Religion


You were on level 4 of the Dungeon.
You worshipped Xom.
You were a very special plaything of Xom.
You visited 1 branch of the dungeon, and saw 4 of its levels.

You collected 171 gold pieces.

Inventory:

Hand Weapons
 a - a +0 hand axe of chaos (weapon)
Missiles
 o - 6 poisoned darts (quivered)
Armour
 b - a +2 leather armour (worn)
 d - a scarf of harm (worn)
Jewellery
 r - a +6 ring of dexterity (left hand)
Scrolls
 c - a scroll of butterflies
 f - 2 scrolls of enchant weapon {unknown}
 g - a scroll of revelation {unknown}
 h - 2 scrolls of enchant armour {unknown}
 i - 2 scrolls of blinking {unknown}
 j - 2 scrolls of amnesia {unknown}
 k - a scroll of fog {unknown}
 s - a scroll of teleportation {unknown}
 u - a scroll of poison {unknown}
Potions
 e - a potion of ambrosia
 l - a potion of cancellation
 m - 2 potions of brilliance
 n - a potion of heal wounds {unknown}
 p - a potion of lignification {unknown}
 q - 2 potions of attraction {unknown}
 t - a potion of haste {unknown}


   Skills:
 - Level 3.6 Fighting
 + Level 6.2 Axes
 - Level 2.4 Armour
 + Level 4.0 Dodging


You had 4 spell levels left.
You didn't know any spells.
Your spell library contained the following spells:

 Spells                   Type           Power      Damage    Failure   Level
 Mephitic Cloud           Conj/Alch/Air  0%         N/A       82%         3
 Leda's Liquefaction      Alch/Erth      0%         N/A       99%         4
 Ignition                 Fire           0%         3d3       100%        8


Dungeon Overview and Level Annotations

Branches:
Dungeon (4/15)
 Temple: D:4-7

Altars:


Innate Abilities, Weirdness & Mutations

You have a pair of horns on your head.
You reflexively headbutt those who attack you in melee.
You are covered in fur. (AC +1)
You occasionally lose the ability to read scrolls when taking damage.


Message History

You are too injured to fight recklessly!
You hit the orc.
You kill the orc!
You are too injured to fight recklessly!
You hit the orc. You burn the orc.
The orc is heavily wounded.
The orc barely misses you.
Unknown command.
You completely miss the orc. You headbutt the orc.
You kill the orc!
The orc priest calls upon Beogh to heal something.
Unknown command.
Okay, then.
The orc priest closely misses you.
Items here: )) [ ††.
Unknown command.
You hit the orc priest but do no damage.
The orc priest misses you.
Unknown command.
You hit the orc priest.
The orc priest is poisoned.
The orc priest is moderately wounded.
The orc priest barely misses you.
Unknown command.
You barely miss the orc priest.
The orc priest is moderately wounded.
The orc priest hits you with a +0 flail.
Unknown command.
You slash the orc priest! You freeze the orc priest.
You kill the orc priest!
Your Dodging skill increases to level 4!
Unknown command.
You hit the sleepcap.
The sleepcap convulses.
You headbutt the sleepcap!
The sleepcap is moderately damaged.
The orc is no longer petrified.
The sleepcap releases spores at you.
* * * LOW HITPOINT WARNING * * *
You are engulfed in a cloud of soporific spores!
You fall asleep.
The sleepcap releases spores at you!
You die...
Xom laughs nastily!

... .f. o. #. #.#### # #.
#....#.###
##.########........
.........##o.......
#.......@fo.......
.#######.###........
..######............
##...................
..................>....
###......................
.........................
#........##........#...
###........#.............


You could see a sleepcap and 2 orcs.

Vanquished Creatures
  A scorpion (D:4)
  An orc priest (D:4)
  An iguana (D:4)
  An adder (D:3)
  2 ribbon worms
  A dart slug (D:1)
  11 orcs
  2 bats (D:2)
  6 endoplasms
  7 giant cockroaches
  7 hobgoblins
  2 jackals (D:2)
  6 kobolds
  3 quokkas
  3 ball pythons
  A frilled lizard (shapeshifter) (D:4)
  7 frilled lizards
  3 goblins
  5 rats
70 creatures vanquished.

Notes
Turn   | Place    | Note
-------+----------+-------------------------------------------
     0 | D:1      | zenocrate the Minotaur Chaos Knight began the quest for the
                  | Orb.
     0 | D:1      | Reached XP level 1. HP: 19/19 MP: 0/0
    16 | D:1      | Reached skill level 4 in Axes
   227 | D:1      | You fall into a shaft and drop 1 floor!
   254 | D:2      | Reached XP level 2. HP: 22/26 MP: 1/1
   554 | D:1      | XOM: noise
   667 | D:1      | Reached XP level 3. HP: 31/31 MP: 2/2
  1104 | D:2      | Found a faded altar of an unknown god.
  1331 | D:3      | Reached skill level 5 in Axes
  1386 | D:3      | Got the Lectures on the Sizzling Solution
  1448 | D:3      | Reached XP level 4. HP: 39/39 MP: 3/3
  1675 | D:3      | XOM: silly message
  1717 | D:4      | an orc changed into a shapeshifter
  1717 | D:4      | Noticed a shapeshifter (shapeshifter)
  1717 | D:4      | XOM: polymorph orc -> shapeshifter
  1717 | D:4      | a shapeshifter changed into a frilled lizard
  1724 | D:4      | Noticed a scorpion
  1733 | D:4      | Killed a scorpion
  1734 | D:4      | Reached XP level 5. HP: 40/45 MP: 4/4
  1777 | D:4      | XOM: give mutations
  1777 | D:4      | Gained mutation: You occasionally lose the ability to read
                  | scrolls when taking damage. [Xom's mischief]
  1777 | D:4      | Gained mutation: You are resistant to electric shocks.
                  | (rElec) [Xom's mischief]
  1777 | D:4      | Lost mutation: You are resistant to electric shocks.
                  | (rElec) [Xom's mischief]
  1777 | D:4      | Gained mutation: You are covered in fur. (AC +1) [Xom's
                  | mischief]
  1789 | D:4      | Reached skill level 6 in Axes
  1807 | D:4      | Slain by a sleepcap

Illustrated notes

Levels and vault maps discovered:
D:1:      spicycebolla_arrival_clurvy, layout_loops_ring
D:2:      layout_basic, dreamdust_ecumenical_altar_statues
D:3:      layout_rooms, minmay_checkerbox
D:4:      layout_rooms

Skill      XL: |  1  2  3  4  5 |
---------------+----------------+-----
Axes           | 4 5 6 |  6.2
Dodging        | 2 3 4 |  4.0
Fighting       | |  3.6
Armour         | |  2.4

Action                     |  1- 3 |  4- 6 || total
---------------------------+-------+-------++-------
  Melee: Hand axe          |    78 |    44 ||   122
         Headbutt          |    12 |    11 ||    23
    Use: Scroll            |       |     3 ||     3
   Stab: Sleeping          |       |     1 ||     1
         Petrifying        |       |     2 ||     2
         Petrified         |       |     1 ||     1
 Armour: Leather armour    |    37 |    21 ||    58
  Dodge: Dodged            |    36 |    23 ||    59

Table legend: (Time is in decaauts)
 A = Elapsed time spent in this place.
 B = Non-inter-level travel time spent in this place.
 C = Inter-level travel time spent in this place.
 D = Time resting spent in this place.
 E = Time spent auto-exploring this place.
 F = Levels seen in this place.
 G = Mean time per level.
                   A        B        C        D        E       F      G
               +--------+--------+--------+--------+--------+-----+--------+
         Total |   1812 |   1726 |     86 |      0 |   1358 |   4 |  453.0 |
       Dungeon |   1812 |   1726 |     86 |      0 |   1358 |   4 |  453.0 |
               +--------+--------+--------+--------+--------+-----+--------+

Top non-repeatable levels by time:
     D:1: 682 daAuts
     D:2: 569 daAuts
     D:3: 463 daAuts
     D:4: 97 daAuts
